 Dungeon Crawl Stone Soup version 0.29.1-13-g9f3cf754e1 (webtiles) character file.

Game seed: 16733637888889375592

20496 sweetbreads the Earth Mage (level 12, -1/73 HPs)
             Began as a Gargoyle Earth Elementalist on Jan 25, 2023.
             Was an Elder of Vehumet.
             Killed from afar by a rime drake (18 damage)
             ... with a flash freeze
             ... on level 3 of the Lair of Beasts.
             The game lasted 01:09:21 (15970 turns).

sweetbreads the Earth Mage (GrEE)                  Turns: 15970, Time: 01:09:21

Health: -1/73      AC: 13    Str: 13    XL:     12   Next: 80%
Magic:  6/15       EV: 13    Int: 29    God:    Vehumet [****..]
Gold:   688        SH:  5    Dex: 10    Spells: 5/15 levels left

rFire   . . .      SeeInvis +   a - +7 bardiche of the Crypt {freeze, Int+3 SInv}
rCold   + . .      Faith    .   (shield currently unavailable)
rNeg    + . .      Spirit   .   Z - +0 robe
rPois   ∞          Reflect  +   M - +0 helmet
rElec   +          Harm     .   o - +0 cloak
rCorr   .          Rampage  .   (no gloves)
Will    .....                   N - +0 pair of boots
Stlth   ++........              W - amulet of reflection
HPRegen 0.22/turn               C - +6 ring of intelligence
MPRegen 0.14/turn               J - ring of protection from cold

@: no status effects
A: sickness immunity, AC +8, negative energy resistance 1, electricity
resistance, torment resistance 1, petrification resistance
a: Renounce Religion


You were on level 3 of the Lair of Beasts.
You worshipped Vehumet.
Vehumet was greatly pleased with you.
You visited 3 branches of the dungeon, and saw 16 of its levels.
You also visited: Sewer.

You collected 898 gold pieces.
You spent 210 gold pieces at shops.

Inventory:

Hand Weapons
 a - the +7 bardiche of the Crypt (weapon) {freeze, Int+3 SInv}
   (You found it on level 2 of the Lair of Beasts)

   It freezes those it strikes, dealing additional cold damage.
   It can also slow down cold-blooded creatures.
   Int:       It affects your intelligence (+3).
   SInv:      It lets you see invisible.
 c - a +4 mace of chaos
 k - a +1 dagger of venom
Missiles
 g - 32 poisoned darts (quivered)
 z - 3 silver boomerangs
Armour
 o - a +0 cloak (worn)
 M - a +0 helmet (worn)
 N - a +0 pair of boots (worn)
 Z - a +0 robe (worn)
Magical Staves
 b - a staff of earth
Jewellery
 C - a +6 ring of intelligence (left hand)
 D - a ring of resist corrosion
 H - a ring of see invisible
 J - a ring of protection from cold (right hand)
 W - an amulet of reflection (around neck)
Wands
 v - a wand of iceblast (41)
 A - a wand of polymorph (15)
 I - a wand of mindburst (6)
 P - a wand of quicksilver (5)
 T - a wand of charming (4)
Scrolls
 e - 4 scrolls of amnesia
 h - a scroll of silence
 i - a scroll of immolation
 m - 2 scrolls of identify
 p - a scroll of enchant weapon {unknown}
 r - 3 scrolls of teleportation
 s - 5 scrolls of fog
 u - 4 scrolls of fear
 B - a scroll of vulnerability
 F - a scroll of blinking
 G - 4 scrolls of enchant armour
Potions
 d - a potion of might
 f - 4 potions of haste
 j - 2 potions of attraction {unknown}
 l - a potion of flight {unknown}
 n - 8 potions of curing
 y - 4 potions of heal wounds
 K - 3 potions of magic
 R - 2 potions of brilliance
 V - a potion of invisibility {unknown}


   Skills:
 - Level 8.0 Fighting
 - Level 0.8 Axes
 - Level 4.0 Staves
 - Level 0.4 Throwing
 * Level 6.3 Dodging
 - Level 4.0 Stealth
 - Level 0.1 Shields
 - Level 2.0 Spellcasting
 * Level 8.7 Conjurations
 * Level 5.5 Transmutations
 - Level 16.0 Earth Magic
 - Level 4.0 Evocations


You had 5 spell levels left.
You knew the following spells:

 Your Spells              Type           Power      Damage    Failure   Level
a - Sandblast             Erth           100%       2d20      0%          1
b - Stone Arrow           Conj/Erth      100%       3d13      1%          3
c - Passwall              Tmut/Erth      50%        N/A       1%          2
d - Petrify               Tmut/Erth      60%        N/A       1%          4

Your spell library contained the following spells:

 Spells                   Type           Power      Damage    Failure   Level
 Sticky Flame             Conj/Fire      28%        2d5       4%          4
 Apportation              Tloc           4%         N/A       9%          1
 Necrotise                Necr           8%         1d4       9%          1
 Summon Small Mammal      Summ           8%         N/A       9%          1
 Vampiric Draining        Necr           2%         2d6       26%         3
 Agony                    Necr           2%         N/A       93%         5


Dungeon Overview and Level Annotations

Branches:
Dungeon (12/15)            Temple (1/1) D:5            Lair (3/5) D:11
  Swamp (0/4) Lair:3       Spider (0/4) Lair:3          Orc (0/2) D:11
  Sewer (visited)

Altars:
Ashenzari
Cheibriados
Dithmenos
Elyvilon
Fedhas
Gozag
Hepliaklqana
Kikubaaqudgha
Makhleb
Nemelex Xobeh
Okawaru
Qazlal
Ru
Sif Muna
Trog
Uskayaw
Vehumet
Wu Jian
Xom
Yredelemnul
Zin
The Shining One

Shops:
D:6 ?   D:7 !

Portals:
Ice
Cave: Lair:3

Annotations:
D:12 Jorgrun
Lair:2 Nergalle


Innate Abilities, Weirdness & Mutations

You are immune to sickness and miasma.
Your stone body is resilient. (AC +8)
You are immune to poison.
You resist negative energy. (rN+)
You are resistant to electric shocks. (rElec)
You are resistant to unholy torment.
You are immune to petrification.


Message History

Aiming: Sandblast (safe; 0% risk of failure)
Press: ? - help, Shift-Dir - straight line, f - rime drake
Aim: a rime drake (82% to hit)
The blast of sand hits the rime drake!
The rime drake is moderately wounded.
The rime drake bites you.
The rime drake bites you but does no damage.
Casting: Sandblast (safe; 0% risk of failure)
Confirm with . or Enter, or press ? or * to list all spells.
Aiming: Sandblast (safe; 0% risk of failure)
Press: ? - help, Shift-Dir - straight line, f/p - rime drake
Aim: a rime drake (82% to hit)
The blast of sand hits the rime drake!!
You kill the rime drake!
Vehumet accepts your kill. The rime drake breathes ice at you.
The flash freeze hits you!! You partially resist.
* * * LOW HITPOINT WARNING * * *
You are encased in ice.
Casting: Sandblast (safe; 0% risk of failure)
Confirm with . or Enter, or press ? or * to list all spells.
Aiming: Sandblast (safe; 0% risk of failure)
Press: ? - help, Shift-Dir - straight line, f/p - rime drake
Aim: a rime drake (catching its breath, 82% to hit)
The blast of sand hits the rime drake!
The rime drake is heavily wounded.
The rime drake bites you.
* * * LOW HITPOINT WARNING * * *
The rime drake bites you but does no damage.
Casting: Sandblast (safe; 0% risk of failure)
Confirm with . or Enter, or press ? or * to list all spells.
Aiming: Sandblast (safe; 0% risk of failure)
Press: ? - help, Shift-Dir - straight line, f/p - rime drake
Aim: a rime drake (heavily wounded, 82% to hit)
The blast of sand hits the rime drake.
The rime drake is heavily wounded.
The ice encasing you melts away. The rime drake breathes ice at you.
The flash freeze hits you!! You partially resist.
You die...

#.......###
##.........###
##.............
#######..............
#P...................
#P...................
##.####..............
##.###..............
##@##P.............
#k####.#...........
#. ####......##.. .†
##...#####. ##. ##.##
#.# .. ### ### .. #P
.∩ ## #


You could see a rime drake (catching breath).

Vanquished Creatures
  A hydra (D:11)
  3 two-headed ogres
  Amaemon (D:11)
  A swamp dragon (Lair:3)
  3 ugly things
  2 black mambas
  An orange demon (D:11)
  A gargoyle (D:10)
  An unseen horror (D:7)
  4 cane toads (Lair:2)
  A rime drake (Lair:3)
  A kobold demonologist (D:10)
  3 komodo dragons
  3 trolls
  3 polar bears
  A hornet (D:9)
  5 blink frogs (Lair:1)
  Grinder (D:4)
  Sigmund (D:2)
  A wyvern (Lair:2)
  A shadow (D:9)
  21 yaks
  A basilisk (D:12)
  A steam dragon (D:8)
  A vampire mosquito (D:6)
  A redback (Lair:3)
  An acid dragon (D:11)
  4 water moccasins
  Pargi (Sewer)
  2 orc warriors (D:11)
  4 wolves
  2 ogres
  2 centaurs
  A phantom (D:6)
  8 bullfrogs
  3 kobold brigands
  2 scorpions
  2 necrophages
  2 gnoll sergeants
  8 wights
  9 killer bees
  4 howler monkeys
  An electric eel (D:11)
  10 hounds
  3 jellies
  6 orc priests
  3 gnoll boudas
  4 iguanas
  Natasha (D:2)
  6 orc wizards
  19 gnolls
  4 adders
  2 shadow imps
  A white imp (D:7)
  A worm (D:2)
  2 dart slugs
  28 orcs
  3 endoplasms
  3 giant cockroaches
  5 goblins
  9 hobgoblins
  4 jackals (D:4)
  22 kobolds
  2 quokkas
  7 ball pythons
  6 bats
  7 frilled lizards
  9 rats
287 creatures vanquished.

Vanquished Creatures (collateral kills)
  A black mamba (Lair:1)
  3 yaks (Lair:1)
4 creatures vanquished.

Vanquished Creatures (others)
  An iguana (Lair:3)
  6 fungi
  14 plants
21 creatures vanquished.

Grand Total: 312 creatures vanquished

Notes
Turn   | Place    | Note
-------+----------+-------------------------------------------
     0 | D:1      | sweetbreads the Gargoyle Earth Elementalist began the quest
                  | for the Orb.
     0 | D:1      | Reached XP level 1. HP: 10/10 MP: 3/3
   213 | D:1      | You fall into a shaft and drop 1 floor!
   244 | D:2      | Noticed Natasha
   273 | D:2      | Reached skill level 4 in Earth Magic
   273 | D:2      | Reached XP level 2. HP: 15/15 MP: 0/5
   393 | D:2      | Noticed Sigmund
   536 | D:1      | Reached XP level 3. HP: 19/19 MP: 2/6
   749 | D:1      | Learned a level 3 spell: Stone Arrow
  1219 | D:2      | Killed Natasha
  1220 | D:2      | Reached skill level 1 in Conjurations
  1220 | D:2      | Reached skill level 5 in Earth Magic
  1220 | D:2      | Reached XP level 4. HP: 24/24 MP: 4/7
  1543 | D:3      | Found an opulent altar of Gozag.
  1595 | D:3      | Found a glowing drain.
  1703 | Sewer    | Entered a sewer
  1815 | Sewer    | Noticed Pargi
  1821 | Sewer    | Killed Pargi
  1822 | Sewer    | Reached skill level 6 in Earth Magic
  1822 | Sewer    | Reached XP level 5. HP: 2/28 MP: 3/8
  2510 | D:4      | Reached XP level 6. HP: 31/32 MP: 3/9
  2873 | D:4      | Reached skill level 7 in Earth Magic
  2901 | D:4      | Found a glowing golden altar of the Shining One.
  3321 | D:5      | Entered Level 5 of the Dungeon
  3350 | D:5      | Reached XP level 7. HP: 32/37 MP: 6/10
  3360 | D:5      | Reached skill level 1 in Fighting
  3435 | D:5      | Noticed Grinder
  3456 | D:4      | Paralysed by Grinder for 5 turns
  3467 | D:4      | Paralysed by Grinder for 2 turns
  3703 | D:4      | Paralysed by Grinder for 3 turns
  3709 | D:4      | Paralysed by Grinder for 5 turns
  3716 | D:4      | Killed Grinder
  3717 | D:4      | Reached skill level 8 in Earth Magic
  3875 | D:5      | Reached XP level 8. HP: 44/44 MP: 8/11
  3982 | D:5      | Reached skill level 9 in Earth Magic
  4819 | D:5      | Found a staircase to the Ecumenical Temple.
  4866 | Temple   | Entered the Ecumenical Temple
  4876 | Temple   | Became a worshipper of Vehumet
  5178 | D:6      | Learned a level 2 spell: Passwall
  5183 | D:6      | Learned a level 4 spell: Petrify
  5185 | D:6      | Found a shadowy altar of Dithmenos.
  5199 | D:6      | Found Zaoprita's Magic Scroll Shoppe.
  5226 | D:6      | Bought a scroll of blinking for 105 gold pieces
  5226 | D:6      | Bought a scroll of enchant armour for 105 gold pieces
  5287 | D:6      | Reached skill level 10 in Earth Magic
  5467 | D:6      | Reached XP level 9. HP: 51/51 MP: 8/12
  5690 | D:6      | Identified the +1 falchion of Eseen {vamp, Will+}
  5698 | D:6      | Reached skill level 1 in Transmutations
  5797 | D:6      | Noticed a brown ugly thing
  5836 | D:6      | Killed a brown ugly thing
  5837 | D:6      | Reached skill level 5 in Conjurations
  5837 | D:6      | Reached skill level 11 in Earth Magic
  6190 | D:7      | Noticed an unseen horror
  6201 | D:7      | Killed an unseen horror
  6493 | D:7      | Reached * piety under Vehumet
  6493 | D:7      | Offered knowledge of Freeze by Vehumet.
  6653 | D:7      | Reached skill level 12 in Earth Magic
  6793 | D:7      | Found a basalt altar of Yredelemnul.
  6796 | D:7      | Found an ancient bone altar of Kikubaaqudgha.
  6799 | D:7      | Found a bloodstained altar of Trog.
  6802 | D:7      | Found a sparkling altar of Nemelex Xobeh.
  6857 | D:7      | Identified the +3 scale mail "Vonkieca" {rF- rC- Int+8
                  | SInv}
  6927 | D:7      | Found Qoczych's Distillery.
  7252 | D:7      | Offered knowledge of Searing Ray by Vehumet.
  7253 | D:7      | Reached XP level 10. HP: 34/56 MP: 9/13
  7316 | D:8      | Reached skill level 13 in Earth Magic
  7417 | D:8      | Reached ** piety under Vehumet
  8461 | D:2      | Killed Sigmund
  8766 | D:9      | Noticed a two-headed ogre
  8772 | D:8      | Reached skill level 1 in Evocations
  8808 | D:9      | Identified the +7 dagger of Qoecit {distort, Dex+3}
  9069 | D:8      | Reached skill level 14 in Earth Magic
  9306 | D:9      | Killed a two-headed ogre
  9307 | D:9      | Reached skill level 5 in Fighting
  9340 | D:9      | Offered knowledge of Frozen Ramparts by Vehumet.
  9536 | D:9      | Reached XP level 11. HP: 52/63 MP: 9/14
  9891 | D:9      | Reached *** piety under Vehumet
  9981 | D:10     | Entered Level 10 of the Dungeon
 10287 | D:10     | Reached skill level 15 in Earth Magic
 10453 | D:10     | Noticed a two-headed ogre
 10461 | D:10     | Killed a two-headed ogre
 10880 | D:11     | Found a staircase to the Lair.
 10881 | D:11     | Noticed a red ugly thing
 10895 | D:11     | Killed a red ugly thing
 11188 | D:11     | Found a staircase to the Orcish Mines.
 11316 | D:11     | Offered knowledge of Fulminant Prism by Vehumet.
 11710 | D:11     | Noticed a two-headed ogre
 11725 | D:11     | Killed a two-headed ogre
 11865 | D:11     | Noticed Amaemon
 11949 | D:11     | Killed Amaemon
 11950 | D:11     | Reached skill level 16 in Earth Magic
 12108 | D:11     | Noticed a six-headed hydra
 12121 | D:11     | Killed a six-headed hydra
 12786 | D:12     | Noticed a brown ugly thing
 12789 | D:12     | Noticed a two-headed ogre
 12797 | D:11     | Killed a brown ugly thing
 12939 | D:12     | Noticed Jorgrun
 12982 | Lair:1   | Entered Level 1 of the Lair of Beasts
 13022 | Lair:1   | Reached XP level 12. HP: 39/73 MP: 11/15
 13071 | Lair:1   | Reached skill level 1 in Staves
 13555 | Lair:1   | You fall into a shaft and drop 1 floor!
 13595 | Lair:2   | Reached **** piety under Vehumet
 13954 | Lair:1   | Offered knowledge of Sticky Flame by Vehumet.
 13957 | Lair:1   | Reached skill level 5 in Transmutations
 13960 | Lair:1   | Reached skill level 5 in Dodging
 14431 | Lair:2   | Identified the +7 bardiche of the Crypt {freeze, Int+3
                  | SInv}
 14861 | Lair:2   | Noticed Nergalle
 15062 | Lair:2   | HP: 3/73 [spectral orc warrior/+0 scimitar[Nergalle] (9)]
 15484 | Lair:3   | Found a staircase to the Swamp.
 15857 | Lair:3   | Found a hole to the Spider Nest.
 15947 | Lair:3   | Found a frozen archway.
 15970 | Lair:3   | Killed from afar by a rime drake

Illustrated notes

Levels and vault maps discovered:
D:1:      spicycebolla_arrival_ecumenical, layout_rooms, minmay_tetromino_l4
D:2:      layout_rooms, uniq_natasha, uniq_sigmund
D:3:      layout_rooms, lemuel_round_altar, gup_sewer_entry_glass
D:4:      wad_lake_hut, layout_layer_cave, mainiacjoe_overflow_small_starburst
D:5:      layout_cave_pools, minmay_temple_entry_gardened_gates,
          dk_noncrumbling_2, uniq_grinder
D:6:      layout_cave_pools, lemuel_doored_altar, serial_shops,
          nicolae_shop_waterfront, grunt_decor_fettered, minmay_three_doors
D:7:      layout_rooms, grunt_temple_overflow_cloverleaf, serial_shops, shop
D:8:      layout_loops_ring, grunt_ogre_cave, roderic_serpentine_path,
          hex_large, minmay_misc_feat_room
D:9:      layout_rooms, grunt_ministairs_15
D:10:     layout_gridville, hangedman_decor_diamond_cutter
D:11:     layout_stronghold, erik_lair_island, david_orc_2, uniq_amaemon
D:12:     layout_cave_pools, serial_rivers, chequers_serial_rivers_room_b,
          chequers_serial_rivers_room_b, chequers_serial_rivers_micro_b,
          chequers_serial_rivers_small_b, chequers_serial_rivers_large_b,
          chequers_serial_rivers_small_b, minmay_fire_ice_demons, uniq_jorgrun,
          uniq_sonja, uniq_kirke
Temple:   nicolae_temple_bog_church
Lair:1:   layout_concentric_octagons, infiniplex_staircase_pool_2
Lair:2:   layout_cellular_growth, ebering_ghost_xom, uniq_nergalle
Lair:3:   layout_cave_pods, minmay_swamp_entry_reptiles,
          spider_nest_entry_rubble, portal_ice_cave_entry_animals_and_master

Skill      XL: |  1  2  3  4  5  6  7  8  9 10 11 12 |
---------------+-------------------------------------+-----
Earth Magic    | 4 5 6 7 8 10 12 14 16 | 16.0
Dodging        | 2 3 4 6 |  6.3
Stealth        | 3 4 |  4.0
Conjurations   | 1 2 3 4 5 7 8 |  8.7
Fighting       | 2 3 4 5 8 |  8.0
Transmutations | 2 3 4 5 |  5.5
Evocations     | 1 4 |  4.0
Staves         | 4 |  4.0
Axes           | |  0.8
Throwing       | |  0.4
Shields        | |  0.1
Spellcasting   | |  2.0

Action                   |  1- 3 |  4- 6 |  7- 9 | 10-12 || total
-------------------------+-------+-------+-------+-------++-------
Melee: Dagger            |    10 |     6 |    19 |     9 ||    44
       Staff             |       |       |       |     6 ||     6
       Bardiche          |       |       |       |     2 ||     2
Throw: Dart              |    14 |    32 |    69 |     8 ||   123
 Cast: Sandblast         |    54 |    58 |   160 |   363 ||   635
       Petrify           |       |       |       |    14 ||    14
       Stone Arrow       |       |       |       |     1 ||     1
Evoke: Wand              |       |       |       |     2 ||     2
  Use: Scroll            |       |       |       |    24 ||    24
       Potion            |       |       |       |     3 ||     3
 Stab: Sleeping          |       |       |     1 |       ||     1
       Petrified         |       |       |       |     8 ||     8
Armor: Robe              |     9 |    11 |    42 |   123 ||   185
Dodge: Dodged            |    25 |    19 |    72 |   194 ||   310
Block: Other             |       |       |       |    65 ||    65
       Reflection        |       |       |       |     1 ||     1
